General information
- name: BNet
- type: Ladder team game (AT/RT)
- host: Battle.net
- saver: DaHumanPukePile
map: TwilightRuins
- players: 8
- length: 12:52
- speed: Fast
- version: 1.28 W3XP
- replay type: Public
» download(127 KB)
Players
team 1 (loser)

»
MountainKINGs (
yellow | 83 APM | 983 actions | 11:50)
2 Mountain King
1 Storm Bolt
1 Thunder Clap
1 Naga Sea Witch
1 Frost Arrows
» actions
| Assign group hotkey | 10 | |
| Build / train | 59 | |
| Enter build submenu | 24 | |
| Enter hero's abilities submenu | 3 | |
| Remove unit from queue | 3 | |
| Right click | 637 | |
| Select / deselect | 197 | |
| Select group hotkey | 1 | |
| Use ability | 49 | |
983 total
» units
» upgrades
| Masonry | 1 | |
| Swords | 2 | |
| Plating | 0 | |
| Gunpowder | 1 | |
| Lumber Harvesting | 1 | |
5 total
» buildings
| Farm | 7 | |
| Altar of Kings | 1 | |
| Arcane Vault | 1 | |
| Lumber Mill | 1 | |
| Town Hall | 1 | |
| Keep | 2 | |
| Blacksmith | 2 | |
| Scout Tower | 5 | |
| Castle | 2 | |
| Arcane Sanctum | 1 | |
| Guard Tower | 3 | |
| Gryphon Aviary | 3 | |
29 total
» build order
00:17 Farm
00:20 Altar of Kings
00:55 Farm
01:24 Arcane Vault
01:56 Lumber Mill
02:39 Farm
04:04 Town Hall
04:19 Farm
05:47 Keep
05:47 Keep
05:51 Blacksmith
06:09 Farm
06:51 Scout Tower
06:52 Scout Tower
06:53 Scout Tower
06:54 Scout Tower
07:52 Blacksmith
08:28 Castle
08:29 Castle
08:59 Arcane Sanctum
09:12 Farm
09:14 Farm
10:23 Guard Tower
10:23 Guard Tower
10:26 Scout Tower
10:28 Gryphon Aviary
10:31 Gryphon Aviary
10:34 Gryphon Aviary
11:03 Guard Tower
» items
| Lesser Clarity Potion | 6 | |
| Scroll of Regeneration | 2 | |
| Boots of Speed | 3 | |
| Scroll of Healing | 1 | |
| Staff of Teleportation | 1 | |
13 total

»
Skuld (
blue | 81 APM | 994 actions | 12:14)
1 Paladin
1 Holy Light
4 Mountain King
2 Storm Bolt
2 Bash
» actions
| Assign group hotkey | 14 | |
| Basic commands | 43 | |
| Build / train | 57 | |
| ESC pressed | 10 | |
| Enter build submenu | 23 | |
| Enter hero's abilities submenu | 5 | |
| Right click | 485 | |
| Select / deselect | 213 | |
| Select group hotkey | 93 | |
| Use ability | 51 | |
994 total
» units
» upgrades
| Masonry | 1 | |
| Swords | 1 | |
| Lumber Harvesting | 1 | |
3 total
» buildings
| Altar of Kings | 1 | |
| Farm | 6 | |
| Barracks | 1 | |
| Arcane Vault | 2 | |
| Scout Tower | 9 | |
| Town Hall | 1 | |
| Arcane Tower | 3 | |
| Lumber Mill | 1 | |
| Keep | 1 | |
| Guard Tower | 6 | |
| Blacksmith | 1 | |
| Castle | 1 | |
33 total
» build order
00:07 Altar of Kings
00:10 Farm
00:13 Barracks
00:35 Farm
01:13 Farm
01:26 Farm
02:36 Farm
03:26 Arcane Vault
04:23 Scout Tower
04:31 Town Hall
04:38 Scout Tower
04:39 Scout Tower
04:42 Scout Tower
05:06 Arcane Tower
05:08 Lumber Mill
05:56 Arcane Tower
06:07 Keep
06:15 Guard Tower
06:15 Guard Tower
07:48 Farm
07:52 Blacksmith
07:56 Scout Tower
07:58 Scout Tower
07:59 Scout Tower
08:07 Scout Tower
08:11 Scout Tower
09:17 Castle
09:30 Guard Tower
09:30 Guard Tower
09:31 Guard Tower
09:32 Guard Tower
09:33 Arcane Tower
11:35 Arcane Vault
» items
| Boots of Speed | 1 | |
| Scroll of Regeneration | 1 | |
2 total
DaHumanPukePile (
orange | 16 APM | 202 actions | 12:52)
1 Paladin
1 Divine Shield
» actions
| Assign group hotkey | 3 | |
| Basic commands | 1 | |
| Build / train | 28 | |
| Enter build submenu | 8 | |
| Enter hero's abilities submenu | 1 | |
| Remove unit from queue | 1 | |
| Right click | 89 | |
| Select / deselect | 54 | |
| Select group hotkey | 7 | |
| Use ability | 10 | |
202 total
» units
» upgrades
| Lumber Harvesting | 1 | |
| Masonry | 2 | |
| Magic Sentry | 1 | |
| Sorceress Training | 1 | |
5 total
» buildings
| Keep | 1 | |
| Scout Tower | 1 | |
| Lumber Mill | 1 | |
| Arcane Tower | 1 | |
| Altar of Kings | 1 | |
| Farm | 3 | |
| Arcane Sanctum | 1 | |
| Arcane Vault | 1 | |
| Castle | 1 | |
11 total
» build order
02:36 Keep
02:46 Scout Tower
03:17 Lumber Mill
03:23 Arcane Tower
05:45 Altar of Kings
05:50 Farm
05:54 Arcane Sanctum
05:58 Arcane Vault
06:53 Castle
07:53 Farm
08:01 Farm
» items
| Boots of Speed | 1 | |
| Periapt of Vitality | 1 | |
| Staff of Teleportation | 1 | |
| Potion of Invisibility | 2 | |
5 total
Silvanas (
pink | 36 APM | 461 actions | 12:48)
4 Crypt Lord
2 Carrion Beetles
2 Impale
1 Lich
1 Frost Nova
» actions
| Assign group hotkey | 14 | |
| Basic commands | 47 | |
| Build / train | 36 | |
| Enter build submenu | 12 | |
| Enter hero's abilities submenu | 5 | |
| Right click | 138 | |
| Select / deselect | 131 | |
| Select group hotkey | 50 | |
| Use ability | 28 | |
461 total
» units
| Acolyte | 11 | |
| Ghoul | 3 | |
| Crypt Fiend | 5 | |
19 total
» upgrades
| Creature Attack | 2 | |
| Creature Carapace | 1 | |
| Web | 1 | |
4 total
» buildings
| Crypt | 1 | |
| Ziggurat | 4 | |
| Graveyard | 1 | |
| Altar of Darkness | 1 | |
| Nerubian Tower | 1 | |
| Tomb of Relics | 3 | |
| Spirit Tower | 2 | |
| Halls of the Dead | 1 | |
| Black Citadel | 1 | |
15 total
» build order
00:09 Crypt
00:11 Ziggurat
00:42 Graveyard
01:01 Altar of Darkness
01:27 Ziggurat
01:36 Nerubian Tower
02:04 Tomb of Relics
02:18 Spirit Tower
02:34 Ziggurat
03:29 Spirit Tower
04:16 Halls of the Dead
07:30 Ziggurat
10:19 Tomb of Relics
10:48 Black Citadel
12:35 Tomb of Relics
» items
team 2 (winner)
ShaggyDI (
purple | 43 APM | 556 actions | 12:52)
4 Archmage
2 Blizzard
2 Brilliance Aura
» actions
| Assign group hotkey | 1 | |
| Basic commands | 16 | |
| Build / train | 67 | |
| Enter build submenu | 16 | |
| Enter hero's abilities submenu | 4 | |
| Remove unit from queue | 1 | |
| Right click | 204 | |
| Select / deselect | 211 | |
| Use ability | 36 | |
556 total
» units
» upgrades
| Swords | 2 | |
| Plating | 2 | |
| Defend | 1 | |
| Lumber Harvesting | 1 | |
| Masonry | 1 | |
7 total
» buildings
| Barracks | 2 | |
| Blacksmith | 1 | |
| Farm | 7 | |
| Scout Tower | 1 | |
| Lumber Mill | 1 | |
| Arcane Tower | 1 | |
| Altar of Kings | 1 | |
| Town Hall | 1 | |
| Arcane Vault | 1 | |
| Keep | 1 | |
17 total
» build order
00:51 Barracks
00:56 Barracks
01:06 Blacksmith
01:21 Farm
01:49 Farm
02:10 Scout Tower
02:15 Farm
02:22 Lumber Mill
02:39 Arcane Tower
03:00 Farm
03:28 Altar of Kings
04:15 Farm
05:17 Farm
06:22 Town Hall
07:01 Arcane Vault
09:08 Keep
09:13 Farm
» items
| Scroll of Regeneration | 2 | |
| Potion of Lesser Invulnerability | 1 | |
3 total

»
pichicacaculo (
green | 93 APM | 1194 actions | 12:52)
3 Far Seer
2 Feral Spirit
1 Chain Lighting
2 Shadow Hunter
1 Hex
1 Healing Wave
» actions
| Assign group hotkey | 45 | |
| Basic commands | 138 | |
| Build / train | 32 | |
| ESC pressed | 1 | |
| Enter build submenu | 16 | |
| Enter hero's abilities submenu | 5 | |
| Right click | 274 | |
| Select / deselect | 266 | |
| Select group hotkey | 382 | |
| Use ability | 35 | |
1194 total
» units
» upgrades
| Pillage | 1 | |
| Armor | 1 | |
| Melee Weapons | 1 | |
3 total
» buildings
| Altar of Storms | 1 | |
| Orc Burrow | 5 | |
| Barracks | 1 | |
| Voodoo Lounge | 1 | |
| Stronghold | 1 | |
| War Mill | 1 | |
| Watch Tower | 1 | |
| Beastiary | 2 | |
| Great Hall | 1 | |
| Fortress | 1 | |
| Spirit Lodge | 1 | |
16 total
» build order
00:14 Altar of Storms
00:23 Orc Burrow
00:40 Barracks
01:36 Orc Burrow
02:03 Voodoo Lounge
03:27 Stronghold
03:37 War Mill
04:43 Orc Burrow
05:24 Watch Tower
07:48 Beastiary
08:03 Orc Burrow
09:59 Great Hall
11:37 Orc Burrow
11:38 Fortress
11:40 Spirit Lodge
11:56 Beastiary
» items
| Potion of Healing | 1 | |
| Healing Salve | 1 | |
2 total

»
TheDylz (
teal | 52 APM | 675 actions | 12:52)
3 Archmage
2 Summon Water Elemental
1 Brilliance Aura
» actions
| Assign group hotkey | 21 | |
| Basic commands | 86 | |
| Build / train | 35 | |
| Enter build submenu | 19 | |
| Enter hero's abilities submenu | 3 | |
| Right click | 179 | |
| Select / deselect | 95 | |
| Select group hotkey | 187 | |
| Use ability | 50 | |
675 total
» units
» upgrades
| Armor | 1 | |
| Gunpowder | 1 | |
| Masonry | 2 | |
| Long Rifles | 1 | |
| Lumber Harvesting | 1 | |
6 total
» buildings
| Farm | 12 | |
| Altar of Kings | 1 | |
| Blacksmith | 1 | |
| Barracks | 2 | |
| Arcane Vault | 1 | |
| Lumber Mill | 1 | |
| Keep | 1 | |
| Town Hall | 1 | |
| Scout Tower | 6 | |
| Castle | 1 | |
| Arcane Sanctum | 2 | |
29 total
» build order
00:20 Farm
00:21 Farm
00:51 Altar of Kings
01:32 Blacksmith
01:43 Farm
01:44 Farm
02:17 Barracks
02:22 Barracks
02:32 Arcane Vault
02:54 Farm
02:55 Farm
03:04 Farm
03:06 Farm
04:05 Lumber Mill
05:39 Keep
06:16 Farm
09:13 Town Hall
09:15 Farm
09:16 Farm
09:17 Farm
09:20 Scout Tower
09:20 Scout Tower
09:21 Scout Tower
09:22 Scout Tower
09:36 Scout Tower
09:36 Scout Tower
10:28 Castle
10:31 Arcane Sanctum
10:32 Arcane Sanctum
AAAA (
red | 65 APM | 842 actions | 12:52)
3 Archmage
2 Blizzard
1 Brilliance Aura
» actions
| Basic commands | 3 | |
| Build / train | 58 | |
| Enter build submenu | 20 | |
| Enter hero's abilities submenu | 3 | |
| Give item / drop item | 3 | |
| Right click | 499 | |
| Select / deselect | 214 | |
| Use ability | 42 | |
842 total
» units
| Peasant | 10 | |
| Footman | 10 | |
| Goblin Shredder | 3 | |
| Dragonhawk Rider | 2 | |
| Gryphon Rider | 8 | |
33 total
» upgrades
| Storm Hammers | 1 | |
| Animal War Training | 1 | |
| Swords | 1 | |
3 total
» buildings
| Altar of Kings | 1 | |
| Farm | 7 | |
| Barracks | 1 | |
| Arcane Vault | 1 | |
| Lumber Mill | 1 | |
| Keep | 2 | |
| Town Hall | 1 | |
| Scout Tower | 2 | |
| Castle | 3 | |
| Gryphon Aviary | 3 | |
| Blacksmith | 1 | |
| Guard Tower | 3 | |
26 total
» build order
00:14 Altar of Kings
00:16 Farm
00:33 Barracks
01:03 Farm
02:05 Farm
02:11 Arcane Vault
03:25 Lumber Mill
03:45 Farm
04:22 Keep
04:23 Keep
05:18 Farm
06:58 Town Hall
07:00 Scout Tower
07:02 Scout Tower
08:02 Castle
08:02 Castle
08:02 Castle
08:16 Gryphon Aviary
08:21 Gryphon Aviary
08:43 Gryphon Aviary
08:51 Blacksmith
09:47 Guard Tower
09:47 Guard Tower
09:48 Guard Tower
10:42 Farm
11:29 Farm
» items
| Scroll of Regeneration | 3 | |
| Boots of Speed | 1 | |
| Scroll of Protection | 1 | |
5 total
Chat log
(00:19 / All) Silvanas: clan Ag for life
(00:29 / Allies) MountainKINGs: lol
(00:33 / Allies) MountainKINGs: calm
(01:03 / All) DaHumanPukePile: WE WUZ MOUNTAIN KANZ
(01:07 / All) DaHumanPukePile: KANGZ
(03:39 / All) DaHumanPukePile: why do british people say "us" when referring to just themselves?
(03:52 / All) DaHumanPukePile: the low class brits
(04:33 / All) DaHumanPukePile: if you're not going to chat then don't even play war3
(04:39 / All) DaHumanPukePile: bnet is for chatting
(04:53 / Allies) Silvanas: u grabbing a hero orange
(05:24 / Allies) Silvanas: u going tanks?
(05:29 / All) DaHumanPukePile: I'M HOLDING OUT FOR A HERO TILL THE END OF THE NIGHT
(05:35 / All) DaHumanPukePile: HE'S GOTTA BE FAST AND HE'S GOTTA BE STRONG
(05:40 / All) DaHumanPukePile: AND HE'S GOTTA BE FRESH FROM THE FIGHT
(05:40 / Allies) Silvanas: i can get a couple extra ghouls if u need wood
(05:42 / All) DaHumanPukePile: I NEED A HERO
(07:40 / Allies) MountainKINGs: you no have mana ?
(09:26 / Allies) MountainKINGs: you really bad blue
(09:37 / Allies) Skuld: u have no units
(09:41 / Allies) Skuld: have 2k gold
(09:43 / Allies) Skuld: and ur calling me bad
(09:48 / Allies) MountainKINGs: have heros dude
(09:51 / Allies) Skuld: oh ince
(09:52 / Allies) Skuld: heros
(09:53 / Allies) Skuld: nice
(09:56 / Allies) Skuld: win teh game wiht only heros
(10:08 / Allies) Skuld: oh look u lost ur hero
(11:25 / All) AAAA: fucking leave fucking noobs
(11:42 / Allies) Skuld: nice lvl 2 heros
(11:42 / Allies) MountainKINGs: omg oj